AoeStats
← Triqem

Four Lakes

509520616Analyzed
1v1 RM · 6d ago on Sep 27, 2026· 37m 13s· 2 players
Game mode
Random Map
Map size
Tiny (2 player)
Population
200
Speed
Normal
Resources
Standard
Victory
Conquest
Starting age
Dark Age
Ending age
Imperial Age
RankedLock teamsTeams togetherTeam positionsShared explorationLock speedFull tech treeHidden civsTurbo modeCheats
Victory
Defeat
🇺🇸 Japanese · United States
959
+15
🇺🇸 Tupi · United States
937
-15
Triqem
10:55 Feudal Age
12:42 Loom
17:10 Castle Age
15:45 Double-Bit Axe
15:43 Horse Collar
18:46 Wheelbarrow
18:06 Stone Mining
18:15 Champi Runner
18:51 Fletching
20:18 Bow Saw
20:39 Squires
21:16 Gold Mining
22:36 Pikeman
23:21 Scale Mail Armor
25:30 Champi Warrior
27:17 Ballistics
29:35 Heavy Plow
30:01 Bodkin Arrow
31:25 Arson
31:54 Forging
35:52 Imperial Age
36:00 Elite Blackwood Archer
37:24 Bracer
38:30 Chemistry
Eagleeyedan
2:28 Loom
12:46 Feudal Age
14:00 Fishing Lines
17:15 Castle Age
15:29 Arson
18:18 Bloodlines
18:48 Gillnets
19:25 Forging
19:16 Scale Mail Armor
19:21 Town Watch
19:24 Double-Bit Axe
19:20 Light Cavalry
22:01 Wheelbarrow
23:03 Iron Casting
22:44 Chain Mail Armor
23:28 Gold Mining
23:28 Stone Mining
29:23 Imperial Age
27:26 Bow Saw
27:10 Elite Skirmisher
29:12 Padded Archer Armor
30:21 Fletching
30:47 Leather Archer Armor
31:27 Gold Shaft Mining
31:24 Thumb Ring
34:34 Bodkin Arrow
35:10 Ring Archer Armor
34:11 Elite Samurai
37:43 Kataparuto
Connection lost

Rejoining the realm…

Still unreachable

The connection could not be restored.

Session expired

The server has moved on; the page needs a fresh start.